SAL
GREENSBORO GRASSHOPPERS @ HICKORY CRAWDADS
05/16/2098
 
TOP OF THE 1ST
Greensboro Grasshoppers batting - Pitching for Hickory Crawdads : LHP Dylan Bonelli
Pitching: LHP Dylan Bonelli
Batting: RHB Chris Kern 0-0: Called Strike
0-1: Swinging Strike
0-2: Ball
1-2: Foul Ball, location: 2F
1-2: Foul Ball, location: 7LMF
1-2: Ball
2-2: SINGLE (Line Drive, 7S, EV 95.0 MPH)
Batting: RHB Walker Ridler 0-0: Called Strike
0-1: Ball
Chris Kern steals 2nd base (no throw)
1-1: Ball
2-1: Called Strike
2-2: Ball
3-2: Strikes out looking
Batting: RHB Dusty Evans 0-0: Fly out, F5 (Popup, 15, EV 86.3 MPH)
Batting: LHB Jake King 0-0: Ball
1-0: Ball
2-0: Called Strike
2-1: Ball
3-1: Foul Ball, location: 2F
3-2: Ground out 3-1 (Groundball, 34, EV 77.5 MPH)
Top of the 1st over - 0 runs, 1 hit, 0 errors, 1 left on base; Greensboro 0 - Hickory 0
BOTTOM OF THE 1ST
Hickory Crawdads batting - Pitching for Greensboro Grasshoppers : LHP Maximiliano Argote
Pitching: LHP Maximiliano Argote
Batting: RHB Mark Bray 0-0: Ball
1-0: Ball
2-0: Called Strike
2-1: SINGLE (Line Drive, 7S, EV 86.3 MPH)
Batting: SHB Rodrigo Ruiz 0-0: Grounds into double play, 6-4-3 (Groundball, 6, EV 108.1 MPH)
Batting: RHB Todd Peters 0-0: Ball
1-0: Ball
2-0: Foul Ball, location: 3F
2-1: Called Strike
2-2: Ball
3-2: TRIPLE (Line Drive, 78XD, EV 103.1 MPH)
Batting: RHB Aaron Cote 0-0: Ball
1-0: Ball
2-0: Ground out 6-3 (Groundball, 6, EV 89.4 MPH)
Bottom of the 1st over - 0 runs, 2 hits, 0 errors, 1 left on base; Greensboro 0 - Hickory 0
TOP OF THE 2ND
Greensboro Grasshoppers batting - Pitching for Hickory Crawdads : LHP Dylan Bonelli
Batting: RHB Jamie Klein 0-0: Ball
1-0: Ball
2-0: Called Strike
2-1: SINGLE (Groundball, 34D, EV 95.0 MPH)
Batting: LHB Roy Connolly 0-0: Foul Ball, location: 7LDF
0-1: SINGLE (Groundball, 6, EV 82.5 MPH)
Jamie Klein to second
Batting: LHB Jim Unknown 0-0: Ball
1-0: Grounds into double play, 4-6-3 (Groundball, 34, EV 97.5 MPH)
Jamie Klein to third
Batting: RHB Jim Unknown 0-0: Called Strike
0-1: Ground out U3 (Groundball, 34, EV 97.5 MPH)
Top of the 2nd over - 0 runs, 2 hits, 0 errors, 1 left on base; Greensboro 0 - Hickory 0
BOTTOM OF THE 2ND
Hickory Crawdads batting - Pitching for Greensboro Grasshoppers : LHP Maximiliano Argote
Batting: RHB Bryan Shewmaker 0-0: Ball
1-0: Ground out 6-3 (Groundball, 6, EV 85.6 MPH)
Batting: LHB Kyle Ward 0-0: Foul Ball, location: 2F
0-1: Ball
1-1: Swinging Strike
1-2: Foul Ball, location: 23FF
1-2: Ball
2-2: Fly out, F7 (Line Drive, 7, EV 95.0 MPH)
Batting: LHB Nick Whalen 0-0: Fly out, F8 (Flyball, 8RXD, EV 98.1 MPH)
Bottom of the 2nd over - 0 runs, 0 hits, 0 errors, 0 left on base; Greensboro 0 - Hickory 0
TOP OF THE 3RD
Greensboro Grasshoppers batting - Pitching for Hickory Crawdads : LHP Dylan Bonelli
Batting: RHB Jim Unknown 0-0: Ball
1-0: Ball
2-0: Ball
3-0: Called Strike
3-1: Swinging Strike
3-2: Foul Ball, location: 9LDF
3-2: Fly out, F9 (Flyball, 9, EV 78.8 MPH)
Batting: RHB Chris Kern 0-0: Ground out 2-3 (Groundball, 15S, EV 68.1 MPH)
Batting: RHB Walker Ridler 0-0: Foul Ball, location: 2F
0-1: Called Strike
0-2: Ground out 5-3 (Groundball, 56S, EV 84.4 MPH)
Top of the 3rd over - 0 runs, 0 hits, 0 errors, 0 left on base; Greensboro 0 - Hickory 0
BOTTOM OF THE 3RD
Hickory Crawdads batting - Pitching for Greensboro Grasshoppers : LHP Maximiliano Argote
Batting: LHB Jaden White 0-0: Ball
1-0: SINGLE (Groundball, 4MD, EV 103.1 MPH)
Batting: RHB Roberto Zubiate 0-0: Fly out, F6 (Popup, 6M, EV 48.8 MPH)
Batting: RHB Mark Bray 0-0: SINGLE (Line Drive, 6D, EV 97.5 MPH)
Jaden White to second
Batting: SHB Rodrigo Ruiz 0-0: Called Strike
0-1: Ball
1-1: Foul Ball, location: 2F
1-2: Ball
2-2: Ball
3-2: Fly out, F3 (Popup, 3S, EV 88.8 MPH)
Batting: RHB Todd Peters 0-0: Ball
1-0: Fly out, F9 (Flyball, 9D, EV 105.6 MPH)
Bottom of the 3rd over - 0 runs, 2 hits, 0 errors, 2 left on base; Greensboro 0 - Hickory 0
TOP OF THE 4TH
Greensboro Grasshoppers batting - Pitching for Hickory Crawdads : LHP Dylan Bonelli
Batting: RHB Dusty Evans 0-0: Ball
1-0: Foul Ball, location: 2F
1-1: Fly out, F8 (Flyball, 8RS, EV 96.3 MPH)
Batting: LHB Jake King 0-0: Ball
1-0: Foul Ball, location: 23FF
1-1: Fly out, F8 (Flyball, 8LD, EV 93.8 MPH)
Batting: RHB Jamie Klein 0-0: Ball
1-0: Called Strike
1-1: Ball
2-1: Foul Ball, location: 2F
2-2: Ball
3-2: Fly out, F6 (Line Drive, 6, EV 74.4 MPH)
Top of the 4th over - 0 runs, 0 hits, 0 errors, 0 left on base; Greensboro 0 - Hickory 0
BOTTOM OF THE 4TH
Hickory Crawdads batting - Pitching for Greensboro Grasshoppers : LHP Maximiliano Argote
Batting: RHB Aaron Cote 0-0: SINGLE (Groundball, 56D, EV 101.9 MPH)
Batting: RHB Bryan Shewmaker 0-0: Ball
1-0: Fly out, F7 (Flyball, 7D, EV 100.0 MPH)
Batting: LHB Kyle Ward 0-0: Called Strike
0-1: Foul Ball, location: 3FF
0-2: Strikes out swinging
Batting: LHB Nick Whalen 0-0: Called Strike
0-1: Swinging Strike
0-2: Ball
1-2: Ball
2-2: Strikes out swinging
Bottom of the 4th over - 0 runs, 1 hit, 0 errors, 1 left on base; Greensboro 0 - Hickory 0
TOP OF THE 5TH
Greensboro Grasshoppers batting - Pitching for Hickory Crawdads : LHP Dylan Bonelli
Batting: LHB Roy Connolly 0-0: Ball
1-0: Swinging Strike
1-1: Foul Ball, location: 5SF
1-2: Strikes out looking
Batting: LHB Jim Unknown 0-0: Ball
1-0: Foul Ball, location: 5SF
1-1: Ball
2-1: Swinging Strike
2-2: Ground out 4-3 (Groundball, 4S, EV 81.3 MPH)
Batting: RHB Jim Unknown 0-0: Fly out, F7 (Flyball, 7LD, EV 101.3 MPH)
Top of the 5th over - 0 runs, 0 hits, 0 errors, 0 left on base; Greensboro 0 - Hickory 0
BOTTOM OF THE 5TH
Hickory Crawdads batting - Pitching for Greensboro Grasshoppers : LHP Maximiliano Argote
Batting: LHB Jaden White 0-0: Ball
1-0: Ball
2-0: Ball
3-0: Foul Ball, location: 2F
3-1: SINGLE (Groundball, 34D, EV 98.8 MPH)
Batting: RHB Roberto Zubiate 0-0: Ball
1-0: Grounds into double play, 6-4-3 (Groundball, 6, EV 83.1 MPH)
Batting: RHB Mark Bray 0-0: Fly out, F7 (Line Drive, 7S, EV 86.3 MPH)
Bottom of the 5th over - 0 runs, 1 hit, 0 errors, 0 left on base; Greensboro 0 - Hickory 0
TOP OF THE 6TH
Greensboro Grasshoppers batting - Pitching for Hickory Crawdads : LHP Dylan Bonelli
Batting: RHB Jim Unknown 0-0: Called Strike
0-1: Ball
1-1: Ball
2-1: Swinging Strike
2-2: Foul Ball, location: 7LMF
2-2: Ball
3-2: SINGLE (Groundball, 34D, EV 98.8 MPH)
Batting: RHB Chris Kern 0-0: Ball
1-0: Ball
2-0: Ball
3-0: Base on Balls
Jim Unknown to second
Batting: RHB Walker Ridler 0-0: Swinging Strike
0-1: Ball
1-1: Ball
2-1: Ball
3-1: Foul Ball, location: 5F
3-2: Strikes out looking
Batting: RHB Dusty Evans 0-0: Foul Ball, location: 5FF
0-1: Ball
1-1: Grounds into double play, 6-4-3 (Groundball, 6, EV 86.9 MPH)
Top of the 6th over - 0 runs, 1 hit, 0 errors, 1 left on base; Greensboro 0 - Hickory 0
BOTTOM OF THE 6TH
Hickory Crawdads batting - Pitching for Greensboro Grasshoppers : LHP Maximiliano Argote
Batting: SHB Rodrigo Ruiz 0-0: Ball
1-0: Foul Ball, location: 2F
1-1: Foul Ball, location: 2F
1-2: Hit by Pitch
Batting: RHB Todd Peters 0-0: Called Strike
0-1: Ball
1-1: Foul Ball, location: 7LMFF
1-2: SINGLE (Line Drive, 8LS, EV 108.1 MPH)
Rodrigo Ruiz to second
Batting: RHB Aaron Cote 0-0: Called Strike
0-1: 3-RUN HOME RUN (Flyball, 7D, EV 96.9 MPH), Distance : 391 ft
Batting: RHB Bryan Shewmaker 0-0: Ball
1-0: Swinging Strike
1-1: Ball
2-1: SINGLE (Groundball, 3D, EV 95.0 MPH)
Batting: LHB Kyle Ward 0-0: Ball
1-0: Swinging Strike
1-1: Called Strike
1-2: Ball
2-2: Strikes out swinging
Batting: LHB Nick Whalen 0-0: Called Strike
0-1: Ball
1-1: Foul Ball, location: 7LMF
1-2: Foul Ball, location: 2F
1-2: Ball
2-2: Ball
3-2: Base on Balls
Bryan Shewmaker to second
Batting: LHB Jaden White 0-0: Grounds into double play, 3-6-3 (Groundball, 34, EV 87.5 MPH)
Bottom of the 6th over - 3 runs, 3 hits, 0 errors, 1 left on base; Greensboro 0 - Hickory 3
TOP OF THE 7TH
Greensboro Grasshoppers batting - Pitching for Hickory Crawdads : LHP Dylan Bonelli
Batting: LHB Jake King 0-0: Swinging Strike
0-1: Ball
1-1: Swinging Strike
1-2: Ball
2-2: Ball
3-2: Foul Ball, location: 3DF
3-2: Foul Ball, location: 3F
3-2: Foul Ball, location: 5FF
3-2: Strikes out swinging
Batting: RHB Jamie Klein 0-0: Fly out, F7 (Flyball, 7LS, EV 89.4 MPH)
Batting: LHB Roy Connolly 0-0: Swinging Strike
0-1: Called Strike
0-2: SOLO HOME RUN (Line Drive, 7D, EV 105.0 MPH), Distance : 393 ft
Batting: LHB Jim Unknown 0-0: Foul Ball, location: 9LSF
0-1: SINGLE (Groundball, 34D, EV 101.9 MPH)
Batting: RHB Jim Unknown 0-0: Called Strike
0-1: Ball
1-1: Foul Ball, location: 5F
1-2: Strikes out looking
Top of the 7th over - 1 run, 2 hits, 0 errors, 1 left on base; Greensboro 1 - Hickory 3
BOTTOM OF THE 7TH
Hickory Crawdads batting - Pitching for Greensboro Grasshoppers : LHP Maximiliano Argote
Batting: RHB Roberto Zubiate 0-0: Ball
1-0: Ball
2-0: Called Strike
2-1: Called Strike
2-2: Strikes out swinging
Batting: RHB Mark Bray 0-0: Called Strike
0-1: Ball
1-1: Hit by Pitch
Pitching: RHP Julio Nunez
Batting: SHB Rodrigo Ruiz 0-0: Swinging Strike
0-1: Fly out, F8 (Line Drive, 8RD, EV 97.5 MPH)
Batting: RHB Todd Peters 0-0: Ball
1-0: Called Strike
1-1: Foul Ball, location: 5FF
1-2: Ball
2-2: DOUBLE (Flyball, 8LXD, EV 98.1 MPH)
Mark Bray to third
Runner from 3rd tries for Home, SAFE, throw by CF to trailing runner, SAFE at third!
Batting: RHB Aaron Cote 0-0: Swinging Strike
0-1: Hit by Pitch
Batting: RHB Bryan Shewmaker 0-0: Called Strike
0-1: Foul Ball, location: 25F
0-2: Strikes out swinging
Bottom of the 7th over - 1 run, 1 hit, 0 errors, 2 left on base; Greensboro 1 - Hickory 4
TOP OF THE 8TH
Greensboro Grasshoppers batting - Pitching for Hickory Crawdads : LHP Dylan Bonelli
Batting: RHB Jim Unknown 0-0: Foul Ball, location: 3SF
0-1: Ball
1-1: Ball
2-1: Ball
3-1: Base on Balls
Batting: RHB Chris Kern 0-0: Ball
1-0: Foul Ball, location: 3DF
1-1: Ball
2-1: Ball
3-1: Fly out, F8 (Line Drive, 8LM, EV 90.6 MPH)
Pitching: RHP Ivan Pedroza
Batting: RHB Walker Ridler 0-0: Foul Ball, location: 2F
0-1: Swinging Strike
0-2: Ball
1-2: Fly out, F9 (Line Drive, 9, EV 97.5 MPH)
Batting: RHB Dusty Evans 0-0: SINGLE (Groundball, 34D, EV 100.0 MPH)
Jim Unknown to second
Runner from 2nd tries for 3rd, SAFE, no throw by RF
Batting: LHB Jake King 0-0: Ball
1-0: Foul Ball, location: 23F
1-1: Fly out, F9 (Flyball, 89M, EV 85.0 MPH)
Top of the 8th over - 0 runs, 1 hit, 0 errors, 2 left on base; Greensboro 1 - Hickory 4
BOTTOM OF THE 8TH
Hickory Crawdads batting - Pitching for Greensboro Grasshoppers : RHP Julio Nunez
Batting: LHB Kyle Ward 0-0: Ball
1-0: Called Strike
1-1: Foul Ball, location: 2F
1-2: Strikes out swinging
Batting: LHB Nick Whalen 0-0: Called Strike
0-1: Ball
1-1: Called Strike
1-2: Strikes out swinging
Batting: LHB Jaden White 0-0: Ball
1-0: Ball
2-0: Fly out, F9 (Flyball, 9, EV 100.0 MPH)
Bottom of the 8th over - 0 runs, 0 hits, 0 errors, 0 left on base; Greensboro 1 - Hickory 4
TOP OF THE 9TH
Greensboro Grasshoppers batting - Pitching for Hickory Crawdads : RHP Ivan Pedroza
Batting: RHB Jamie Klein 0-0: Swinging Strike
0-1: Swinging Strike
0-2: Foul Ball, location: 9LSF
0-2: Ball
1-2: Ball
2-2: Strikes out swinging
Batting: LHB Roy Connolly 0-0: Ball
1-0: Ball
2-0: Called Strike
2-1: Foul Ball, location: 2F
2-2: Foul Ball, location: 2F
2-2: Ball
3-2: Hit by Pitch
Batting: LHB Jim Unknown 0-0: Foul Ball, location: 23FF
0-1: Ball
1-1: Swinging Strike
1-2: Ball
2-2: Foul Ball, location: 2F
2-2: Fly out, F6 (Popup, P, EV 84.4 MPH)
Pinch Hitting: LHB Jim Unknown 0-0: Ball
1-0: Foul Ball, location: 5DF
1-1: Foul Ball, location: 3FF
1-2: Ground out U3 (Groundball, 34, EV 83.8 MPH)
Top of the 9th over - 0 runs, 0 hits, 0 errors, 1 left on base; Greensboro 1 - Hickory 4
Thursday, April 4th , 2024 - OOTP Baseball 24.11 Build 85